 Dungeon Crawl Stone Soup version 0.25-a0-105-g2289b3b (webtiles) character file.

Game seed: 8401417521980255631, levelgen mode: deterministic

522 2FriedEggs the Vexing (level 7, 52/52 HPs)
             Began as a Gnoll Arcane Marksman on Nov 13, 2019.
             Quit the game on level 4 of the Dungeon on Nov 16, 2019.
             The game lasted 00:13:13 (5483 turns).

2FriedEggs the Vexing (Gnoll Arcane Marksman)       Turns: 5483, Time: 00:13:14

Health: 52/52      AC:  5    Str: 14    XL:     7   Next: 22%
Magic:  12/12      EV: 13    Int: 15    God:
Gold:   177        SH:  3    Dex: 16    Spells: 3/13 levels left

rFire    . . .     SeeInvis .   u - +0 rapier
rCold    . . .     Gourm    .   (no shield)
rNeg     . . .     Faith    .   b - +0 ring mail
rPois    .         Spirit   .   (no helmet)
rElec    .         Reflect  +   (no cloak)
rCorr    .         Harm     .   (no gloves)
MR       .....                  (no boots)
Stlth    ++........             i - +3 amulet of reflection
HPRegen  0.17/turn              (no ring)
MPRegen  0.13/turn              (no ring)

@: no status effects
A: distributed training, fangs 1, strong nose
a: no special abilities


You were on level 4 of the Dungeon.
You were not hungry.

You visited 1 branch of the dungeon, and saw 4 of its levels.
You also visited: Ossuary.

You collected 177 gold pieces.

Inventory:

Hand Weapons
 a - a +0 hand crossbow
 u - a +0 rapier (weapon)
Missiles
 d - 7 bolts
 j - 2 datura-tipped darts (quivered)
 t - 6 atropa-tipped darts
Armour
 b - a +0 ring mail (worn)
 o - a +0 buckler
Jewellery
 i - a +3 amulet of reflection (around neck)
Scrolls
 c - 4 scrolls of random uselessness {unknown}
 e - a scroll of magic mapping
 g - 2 scrolls of remove curse
 l - a scroll of enchant weapon {unknown}
 r - a scroll of immolation {unknown}
 v - a scroll of noise {unknown}
Potions
 h - a potion of magic {unknown}
 k - a potion of brilliance {unknown}
 m - a potion of heal wounds
 n - 4 potions of cancellation
 p - 2 potions of curing
 q - 2 potions of lignification
 s - 2 potions of flight {unknown}
 w - a potion of might {unknown}
Comestibles
 f - a ration


   Skills:
 + Level 3.5 Fighting
 + Level 2.3 Short Blades
 + Level 2.3 Long Blades
 + Level 2.3 Axes
 + Level 2.3 Maces & Flails
 + Level 2.3 Polearms
 + Level 2.3 Staves
 + Level 2.3 Slings
 + Level 2.3 Bows
 + Level 5.1 Crossbows
 + Level 2.3 Throwing
 + Level 2.3 Armour
 + Level 5.1 Dodging
 + Level 2.3 Stealth
 + Level 2.3 Shields
 + Level 2.3 Unarmed Combat
 + Level 3.6 Spellcasting
 + Level 1.8 Conjurations
 + Level 5.8 Hexes
 + Level 1.8 Charms
 + Level 1.8 Summonings
 + Level 1.8 Necromancy
 + Level 1.8 Translocations
 + Level 1.8 Transmutations
 + Level 1.8 Fire Magic
 + Level 1.8 Ice Magic
 + Level 1.8 Air Magic
 + Level 1.8 Earth Magic
 + Level 1.8 Poison Magic
 + Level 2.5 Invocations
 + Level 2.3 Evocations


You had 3 spell levels left.
You knew the following spells:

 Your Spells              Type           Power        Failure   Level  Hunger
a - Corona                Hex            ###....      3%          1    None
b - Slow                  Hex            ###.....     5%          2    ##.....
c - Portal Projectile     Hex/Tloc       ##....       22%         3    ###....
d - Cause Fear            Hex            ###.......   34%         4    ####...

Your spell library contained the following spells:

 Spells                   Type           Power        Failure   Level  Hunger
 Magic Dart               Conj           #...         17%         1    None
 Inner Flame              Hex/Fire       ##......     22%         3    ###....
 Blink                    Tloc           N/A          26%         2    ##.....
 Call Imp                 Summ           #.......     26%         2    ##.....
 Conjure Flame            Conj/Fire      #.......     45%         3    ###....
 Mephitic Cloud           Conj/Pois/Air  #.......     45%         3    ###....
 Leda's Liquefaction      Hex/Erth       ##........   58%         4    ####...


Dungeon Overview and Level Annotations

Branches:
Dungeon (4/15)             Temple (0/1) D:4         Ossuary (visited)

Altars:


Innate Abilities, Weirdness & Mutations

Your experience applies equally to all skills.
You have very sharp teeth.
Your uncanny sense of smell can sniff out nearby items.


Message History

Magic restored.
There is an open door here.
Things that are here:
a +0 dagger; a cursed +0 robe You pick up a book of Minor Magic and begin reading...
You add the spells Magic Dart, Blink, Call Imp, Conjure Flame and Mephitic Cloud to your library.
Memorise Blink, consuming 2 spell levels and leaving 1?
Okay, then.
Welcome back, 2FriedEggs the Gnoll Arcane Marksman.
Press ? for a list of commands and other information.
Saving game... please wait.
Welcome back, 2FriedEggs the Gnoll Arcane Marksman.
Press ? for a list of commands and other information.
Saving game... please wait.
Welcome back, 2FriedEggs the Gnoll Arcane Marksman.
Press ? for a list of commands and other information.
Saving game... please wait.
Welcome back, 2FriedEggs the Gnoll Arcane Marksman.
Press ? for a list of commands and other information.
Are you sure you want to abandon this character and quit the game? (Confirm with "yes".)

###### ##....### * ##.......##
********** * #####
#)...###..#**,,,,,,,,***
....######....#.#,,,**,,,,,,,,+,,
....#.....).###.###,**,,,,,,,,***
....#.###.#.#...@.#,#*,,,,,,,,* *
....#.###...#[#.###.##,,,,,,,,***
....#.##....).#.#....+,,,,,,,,+,*
......##....).###....#,,,,,,,,*,*
.....###.#.........#.#**+***,,*,,
.....#.....#.#.....#.# *,,,,,,,**
.....#.#.....#.....#,#*****,*,,,,
.....#.#.#.#.#.....#,,,,,,,,,,,,*
.....#,#.#.###.....#*******,,,,,,


There were no monsters in sight!

Vanquished Creatures
  2 elf zombies (Ossuary)
  A bullfrog (D:3)
  3 orc wizards (D:4)
  A worker ant (D:4)
  2 big kobold zombies (Ossuary)
  3 mummies
  7 adders
  An adder zombie (Ossuary)
  An adder skeleton (D:2)
  A worm (D:2)
  A dart slug (D:1)
  A leopard gecko (D:1)
  2 bat skeletons (D:2)
  4 giant cockroaches
  5 goblins
  7 hobgoblins
  3 kobolds
  7 bats
  6 frilled lizards
  7 hobgoblin zombies (Ossuary)
  15 kobold zombies (Ossuary)
  A leopard gecko skeleton (D:2)
  A leopard gecko zombie (D:2)
  8 orc zombies (Ossuary)
  8 rats
  2 rat zombies (Ossuary)
100 creatures vanquished.

Notes
Turn   | Place    | Note
-------+----------+-------------------------------------------
     0 | D:1      | 2FriedEggs the Gnoll Arcane Marksman began the quest for
                  | the Orb.
     0 | D:1      | Reached XP level 1. HP: 17/17 MP: 4/4
   156 | D:1      | Reached XP level 2. HP: 23/23 MP: 5/5
   888 | D:1      | Reached XP level 3. HP: 24/28 MP: 7/7
  1538 | D:2      | Learned a level 2 spell: Slow
  1542 | D:2      | Learned a level 3 spell: Portal Projectile
  1598 | D:2      | Reached skill level 1 in Invocations
  1981 | D:2      | Reached skill level 1 in Short Blades
  1981 | D:2      | Reached skill level 1 in Long Blades
  1981 | D:2      | Reached skill level 1 in Axes
  1981 | D:2      | Reached skill level 1 in Maces & Flails
  1981 | D:2      | Reached skill level 1 in Polearms
  1981 | D:2      | Reached skill level 1 in Staves
  1981 | D:2      | Reached skill level 1 in Slings
  1981 | D:2      | Reached skill level 1 in Bows
  1981 | D:2      | Reached skill level 1 in Throwing
  1981 | D:2      | Reached skill level 1 in Armour
  1981 | D:2      | Reached skill level 1 in Stealth
  1981 | D:2      | Reached skill level 1 in Shields
  1981 | D:2      | Reached skill level 1 in Unarmed Combat
  1981 | D:2      | Reached skill level 1 in Evocations
  2445 | D:2      | Reached XP level 4. HP: 34/34 MP: 8/8
  2628 | D:3      | Noticed a bullfrog
  2660 | D:3      | Killed a bullfrog
  2660 | D:3      | Reached skill level 1 in Conjurations
  2660 | D:3      | Reached skill level 1 in Charms
  2660 | D:3      | Reached skill level 1 in Summonings
  2660 | D:3      | Reached skill level 1 in Necromancy
  2660 | D:3      | Reached skill level 1 in Translocations
  2660 | D:3      | Reached skill level 1 in Transmutations
  2660 | D:3      | Reached skill level 1 in Fire Magic
  2660 | D:3      | Reached skill level 1 in Ice Magic
  2660 | D:3      | Reached skill level 1 in Air Magic
  2660 | D:3      | Reached skill level 1 in Earth Magic
  2660 | D:3      | Reached skill level 1 in Poison Magic
  2660 | D:3      | Reached XP level 5. HP: 22/40 MP: 1/9
  3359 | D:3      | Learned a level 4 spell: Cause Fear
  3566 | D:4      | Found a sand-covered staircase.
  3778 | Ossuary  | Entered an ossuary
  4006 | Ossuary  | Reached XP level 6. HP: 47/47 MP: 2/10
  4248 | Ossuary  | HP: 1/47 [elf zombie (7)]
  4358 | Ossuary  | HP: 2/47 [mummy (15)]
  4698 | Ossuary  | Reached skill level 5 in Crossbows
  4698 | Ossuary  | Reached skill level 5 in Dodging
  5126 | D:4      | Reached XP level 7. HP: 33/52 MP: 12/12
  5483 | D:4      | Upgraded the game from 0.25-a0-97-g19cdb01 to
                  | 0.25-a0-99-gfcdb843
  5483 | D:4      | Upgraded the game from 0.25-a0-99-gfcdb843 to
                  | 0.25-a0-105-g2289b3b
  5483 | D:4      | Quit the game

Levels and vault maps discovered:
D:1:      lightli_molten_gateway, layout_loops_cross
D:2:      layout_rooms, serial_undead, serial_undead_d, serial_undead_b,
          serial_undead_c, serial_undead_e, serial_undead_c, serial_undead_e
D:3:      layout_rooms, hangedman_decor_slide_cut
D:4:      layout_basic, minmay_temple_entry_slanted, gup_ossuary_entry_pyramid,
          minmay_a_box_with_orc_wizards_in_it

Skill      XL: |  1  2  3  4  5  6 |
---------------+-------------------+-----
Invocations    | 1 2 |  2.5
Short Blades   | 1 2 |  2.3
Long Blades    | 1 2 |  2.3
Axes           | 1 2 |  2.3
Maces & Flails | 1 2 |  2.3
Polearms       | 1 2 |  2.3
Staves         | 1 2 |  2.3
Slings         | 1 2 |  2.3
Bows           | 1 2 |  2.3
Throwing       | 1 2 |  2.3
Armour         | 1 2 |  2.3
Stealth        | 1 2 |  2.3
Shields        | 1 2 |  2.3
Unarmed Combat | 1 2 |  2.3
Evocations     | 1 2 |  2.3
Spellcasting   | 3 |  3.6
Conjurations   | 1 |  1.8
Charms         | 1 |  1.8
Summonings     | 1 |  1.8
Necromancy     | 1 |  1.8
Translocations | 1 |  1.8
Transmutations | 1 |  1.8
Fire Magic     | 1 |  1.8
Ice Magic      | 1 |  1.8
Air Magic      | 1 |  1.8
Earth Magic    | 1 |  1.8
Poison Magic   | 1 |  1.8
Fighting       | 3 |  3.5
Crossbows      | 5 |  5.1
Dodging        | 5 |  5.1
Hexes          | |  5.8

Action                   |  1- 3 |  4- 6 |  7- 9 || total
-------------------------+-------+-------+-------++-------
Melee: Club              |    20 |       |       ||    20
       Short sword       |   114 |    66 |       ||   180
       Bite              |    14 |    27 |     1 ||    42
       Rapier            |       |   178 |    28 ||   206
       Punch             |       |     2 |       ||     2
       Hand crossbow     |       |     1 |       ||     1
 Fire: Hand crossbow     |    32 |    77 |       ||   109
 Cast: Portal Projectile |       |     5 |       ||     5
       Slow              |       |    11 |     2 ||    13
  Use: Potion            |       |     2 |     2 ||     4
       Scroll            |       |     5 |       ||     5
 Stab: Sleeping          |     2 |     1 |       ||     3
  Eat: Chunk             |     5 |     4 |       ||     9
       Ration            |       |     2 |       ||     2
Armor: Robe              |     7 |       |       ||     7
       Ring mail         |    41 |    90 |     1 ||   132
       Skin              |       |       |    42 ||    42
Dodge: Dodged            |   131 |   224 |     2 ||   357
Block: Other             |    27 |    50 |     4 ||    81
       Reflection        |     2 |       |       ||     2

Table legend:
 A = Non-vault XP
 B = Vault XP
 C = Vault XP percentage of total XP
 D = Non-vault monster count
 E = Vault monster count
 F = Vault count percentage of total count
                 A         B        C        D         E       F
            +---------+---------+-------+---------+---------+-------
      Total |     281 |     465 |  62.3 |      52 |      48 |  48.0
            +---------+---------+-------+---------+---------+-------
        D:1 |      36 |       0 |   0.0 |      21 |       0 |   0.0
        D:2 |      35 |      11 |  23.9 |      12 |       5 |  29.4
        D:3 |     163 |       0 |   0.0 |      17 |       0 |   0.0
        D:4 |      47 |     130 |  73.4 |       2 |       4 |  66.7
    Ossuary |       0 |     324 | 100.0 |       0 |      39 | 100.0
            +---------+---------+-------+---------+---------+-------
